 Dungeon Crawl Stone Soup version 0.24-a0-441-g27f0392e16 (webtiles) character file.

Game seed: 7865033995425152675

333 Jyms the Skirmisher (level 6, -3/56 HPs)
             Began as a Minotaur Fighter on June 20, 2019.
             Slain by an orc warrior
             ... wielding a +2 halberd of freezing
              (19 damage)
             ... on level 4 of the Dungeon.
             The game lasted 00:17:31 (2499 turns).

Jyms the Skirmisher (Minotaur Fighter)              Turns: 2499, Time: 00:17:31

Health: -3/56      AC:  8    Str: 21    XL:     6   Next: 27%
Magic:  5/5        EV:  7    Int:  5    God:
Gold:   176        SH: 10    Dex: 11    Spells: 5/5 levels left

rFire    . . .     SeeInvis .   a - +0 war axe
rCold    . . .     Gourm    .   c - +0 shield
rNeg     . . .     Faith    .   b - +1 scale mail
rPois    .         Spirit   .   (helmet restricted)
rElec    .         Reflect  .   (no cloak)
rCorr    .         Harm     .   (no gloves)
MR       .....                  (no boots)
Stlth    ..........             (no amulet)
HPRegen  0.18/turn              (no ring)
MPRegen  0.09/turn              (no ring)

@: no status effects
A: retaliatory headbutt, horns 2
a: no special abilities


You were on level 4 of the Dungeon.
You were not hungry.

You visited 1 branch of the dungeon, and saw 5 of its levels.

You collected 176 gold pieces.

Inventory:

Hand Weapons
 a - a +0 war axe (weapon)
 k - a +0 spear of venom
 l - a cursed -2 spear
 n - a +0 hunting sling
Missiles
 e - 109 stones (quivered)
Armour
 b - a +1 scale mail (worn)
 c - a +0 shield (worn)
 o - a +0 leather armour of magic resistance
Jewellery
 r - an uncursed ring of fire {unknown}
Scrolls
 h - a scroll of enchant armour
 i - a scroll of magic mapping
 j - a scroll of identify {unknown}
 p - a scroll of remove curse {unknown}
 q - a scroll of fog {unknown}
 s - a scroll of teleportation {unknown}
Potions
 d - a potion of might
 g - a potion of degeneration {unknown}
 m - 2 potions of resistance {unknown}
Comestibles
 f - 4 rations


   Skills:
 + Level 5.3 Fighting
 + Level 4.5 Axes
 + Level 5.2 Armour
 + Level 5.3 Shields


You had 5 spell levels left.
You didn't know any spells.
Your spell library was empty.

Dungeon Overview and Level Annotations

Branches:
Dungeon (5/15)
 Temple: D:4-7

Altars:
Hepliaklqana
Kikubaaqudgha
Qazlal
Uskayaw
Xom

Annotations:
D:5 Menkaure


Innate Abilities, Weirdness & Mutations

You reflexively headbutt those who attack you in melee.
You have a pair of horns on your head.


Message History

You slash the ogre!
You kill the ogre!
You have reached level 6!
Your experience leads to an increase in your attributes!
Increase (S)trength, (I)ntelligence, or (D)exterity?
You feel agile. The hound closely misses you. You furiously retaliate!
You headbutt the hound! The hound closely misses you.
You closely miss the hound.
The hound is heavily wounded.
You block the hound's attack. The hound bites you but does no damage.
You miss the hound. You headbutt the hound.
The hound is heavily wounded.
You block the hound's attack. The orc warrior closely misses you.
The hound closely misses you.
You hit the hound.
The hound is severely wounded.
You block the hound's attack.
The orc warrior hits you from afar with a +2 halberd of freezing!!
You die...

#### .....####
........#
.....##.#####
.......oooh.#
........###@#
........# #.#
.....##.# #.# ##.#
#o# #.# #
#.###.######
#.)........#######
#####..o.........?
######.###### #.#


You could see an orc warrior, a hound and 2 orcs.

Vanquished Creatures
  2 ogres (D:4)
  A bullfrog zombie (D:2)
  A worker ant (D:3)
  5 adders
  An ooze (D:2)
  2 dart slugs
  3 leopard geckos (D:2)
  2 orcs
  A ball python (D:1)
  3 giant cockroaches
  3 goblins
  5 hobgoblins
  A quokka (D:2)
  8 bats
  4 frilled lizards
  A jackal skeleton (D:4)
  9 kobolds
  7 rats
59 creatures vanquished.

Notes
Turn   | Place    | Note
-------+----------+-------------------------------------------
     0 | D:1      | Jyms the Minotaur Fighter began the quest for the Orb.
     0 | D:1      | Reached XP level 1. HP: 19/19 MP: 0/0
    84 | D:1      | Reached XP level 2. HP: 27/27 MP: 1/1
   838 | D:2      | Reached XP level 3. HP: 32/33 MP: 2/2
   906 | D:2      | Reached XP level 4. HP: 35/41 MP: 3/3
  1681 | D:3      | Found a shimmering altar of Xom.
  1682 | D:3      | Found a hazy altar of Hepliaklqana.
  1682 | D:3      | Noticed a yak
  1683 | D:3      | Noticed a spectral ugly thing
  1683 | D:3      | Noticed a yak
  2053 | D:3      | Reached XP level 5. HP: 33/47 MP: 4/4
  2186 | D:4      | Noticed an ogre
  2195 | D:4      | Killed an ogre
  2195 | D:4      | Reached skill level 5 in Fighting
  2195 | D:4      | Reached skill level 5 in Armour
  2195 | D:4      | Reached skill level 5 in Shields
  2289 | D:4      | Noticed an ogre
  2301 | D:4      | Found an ancient bone altar of Kikubaaqudgha.
  2302 | D:4      | Found a hide-covered altar of Uskayaw.
  2304 | D:4      | Found a stormy altar of Qazlal.
  2306 | D:5      | Entered Level 5 of the Dungeon
  2310 | D:5      | Noticed Menkaure
  2469 | D:4      | Noticed an orc warrior
  2494 | D:4      | Killed an ogre
  2494 | D:4      | Reached XP level 6. HP: 14/56 MP: 5/5
  2499 | D:4      | Slain by an orc warrior

Levels and vault maps discovered:
D:1:      minmay_arrival_plants_in_alcoves, layout_loops_ring,
          serial_bayou_lagoon_a
D:2:      layout_rooms, kennysheep_doodads, minmay_misc_feat_more_columns,
          chequers_hall_statues_wall_a
D:3:      minmay_wonky_spiral, layout_basic, regret_index_temple_of_mockery,
          first_ration, minmay_misc_feat_columns
D:4:      layout_loops_ring, grunt_temple_overflow_open,
          nicolae_ossuary_entry_catacombs
D:5:      layout_loops_ring, kennysheep_mini_moat,
          hangedman_abyss_or_decor_stabs, uniq_edmund, uniq_eustachio,
          uniq_menkaure

Skill      XL: |  1  2  3  4  5 |
---------------+----------------+-----
Fighting       | 4 5 |  5.3
Armour         | 4 5 |  5.2
Shields        | 4 5 |  5.3
Axes           | 3 4 |  4.5

Action                   |  1- 3 |  4- 6 || total
-------------------------+-------+-------++-------
Melee: War axe           |    61 |    86 ||   147
       Headbutt          |     9 |    16 ||    25
  Use: Scroll            |     2 |     1 ||     3
  Eat: Chunk             |       |     2 ||     2
       Ration            |       |     1 ||     1
Armor: Scale mail        |    45 |    31 ||    76
Dodge: Dodged            |    23 |    32 ||    55
Block: Shield            |    39 |    46 ||    85

Table legend:
 A = Non-vault XP
 B = Vault XP
 C = Vault XP percentage of total XP
 D = Non-vault monster count
 E = Vault monster count
 F = Vault count percentage of total count
                 A         B        C        D         E       F
            +---------+---------+-------+---------+---------+-------
      Total |     474 |       3 |   0.6 |      57 |       2 |   3.4
            +---------+---------+-------+---------+---------+-------
        D:1 |      36 |       0 |   0.0 |      16 |       0 |   0.0
        D:2 |     126 |       0 |   0.0 |      28 |       0 |   0.0
        D:3 |      55 |       3 |   5.2 |       7 |       2 |  22.2
        D:4 |     257 |       0 |   0.0 |       6 |       0 |   0.0
            +---------+---------+-------+---------+---------+-------
